 Dungeon Crawl Stone Soup version 0.32-a0-931-g5a2cda0630 (webtiles) character file.

Game seed: 13764542525584715382

1338 pokeman the Thaumaturge (level 8, 0/30 (44) HPs)
             Began as a Deep Elf Hedge Wizard on Apr 14, 2024.
             Slain by Jeremiah
             ... wielding a +3 trident of draining
              (1 damage)
             ... on level 6 of the Dungeon.
             The game lasted 00:14:43 (5430 turns).

pokeman the Thaumaturge (Deep Elf Hedge Wizard)     Turns: 5430, Time: 00:14:43

HP:   0/30 (44)     AC:  9    Str:  7    XL:     8   Next: 35%
MP:   19/24         EV: 12    Int: 22    God:
Gold: 273           SH:  0    Dex: 14    Spells: 19/27 levels left

rFire   . . .        q - +2 short sword (venom)
rCold   . . .        (no shield)
rNeg    . . .        C - +1 robe {Will+}
rPois   .            c - +0 hat
rElec   .            s - +2 cloak {rCorr}
rCorr   +            k - +2 pair of gloves
SInv    .            (no boots)
Will    +....        e - amulet of regeneration
Stlth   +            (no ring)
HPRegen 1.05/turn    (no ring)
MPRegen 0.19/turn

%: no passive effects
@: confused, very heavily drained
A: no striking features
a: no special abilities


You were on level 6 of the Dungeon.
You visited 2 branches of the dungeon, and saw 7 of its levels.

You collected 328 gold pieces.
You spent 55 gold pieces at shops.

Inventory:

Hand Weapons
 q - a +2 short sword of venom (weapon)
 r - a +4 quarterstaff of chaos
Missiles
 a - 2 curare-tipped darts
 x - a throwing net
Armour
 c - a +0 hat (worn)
 k - a +2 pair of gloves (worn)
 s - a +2 cloak of preservation (worn)
 C - a +1 robe of willpower (worn)
Magical Staves
 n - a staff of air
Jewellery
 e - an amulet of regeneration (around neck)
 y - a ring of see invisible
Scrolls
 b - a scroll of teleportation {unknown}
 f - a scroll of brand weapon {unknown}
 g - a scroll of blinking {unknown}
 i - 2 scrolls of immolation {unknown}
 j - a scroll of silence {unknown}
 l - 7 scrolls of identify
 p - a scroll of fear {unknown}
 u - a scroll of vulnerability {unknown}
 A - a scroll of fog {unknown}
 B - 3 scrolls of amnesia {unknown}
 D - a scroll of noise {unknown}
Potions
 d - 2 potions of magic
 h - a potion of degeneration {unknown}
 m - 3 potions of mutation {unknown}
 o - 7 potions of curing
 t - 2 potions of haste {unknown}
 v - a potion of invisibility {unknown}
 w - 2 potions of lignification {unknown}
 z - 3 potions of brilliance {unknown}
 E - a potion of ambrosia {unknown}


   Skills:
 - Level 2.0 Fighting
 + Level 2.7 Armour
 - Level 3.2 Dodging
 - Level 3.0 Stealth
 * Level 10.1 Spellcasting
 + Level 5.4 Conjurations
 - Level 1.1 Summonings
 - Level 1.1 Translocations
 - Level 1.1 Air Magic
 - Level 1.1 Alchemy
 - Level 1.0 Evocations


You had 19 spell levels left.
You knew the following spells:

 Your Spells              Type           Power      Damage    Failure   Level
a - Magic Dart            Conj           100%       1d8       1%          1
b - Mephitic Cloud        Conj/Alch/Air  22%        N/A       6%          3
c - Call Imp              Summ           30%        N/A       6%          2
d - Blink                 Tloc           30%        N/A       6%          2

Your spell library contained the following spells:

 Spells                   Type           Power      Damage    Failure   Level
 Momentum Strike          Conj/Tloc      50%        3d9       2%          2
 Slow                     Hex            44%        N/A       6%          1
 Lesser Beckoning         Tloc           30%        N/A       6%          2
 Cigotuvi's Dreadful Rot  Necr/Alch/Air  28%        N/A       7%          2
 Confusing Touch          Hex            11%        N/A       19%         3
 Vampiric Draining        Necr           11%        2d6       19%         3


Dungeon Overview and Level Annotations

Branches:
Dungeon (6/15)             Temple (1/1) D:4

Altars:
Ashenzari
Cheibriados
Fedhas
Gozag
Makhleb
Okawaru
Qazlal
Wu Jian
Xom
Yredelemnul
Zin

Shops:
D:5 *

Annotations:
D:3 1 runed translucent door, Biggs's ghost, weakling VSBr
D:6 Jeremiah


Message History

The butterfly disappears in a burst of colours!
The butterfly is engulfed in noxious fumes.
The butterfly appears confused.
Jeremiah's eyes close briefly, then snap open.
Jeremiah hits you with a +3 trident of draining.
You feel drained.
The butterfly is engulfed in noxious fumes. x2
You barely miss the butterfly.
You are engulfed in noxious fumes.
Jeremiah looks more healthy.
The butterfly disappears in a burst of colours! x2
The butterfly is engulfed in noxious fumes.
The butterfly appears confused.
Jeremiah hits you with a +3 trident of draining!
You feel drained.
* * * LOW HITPOINT WARNING * * *
The butterfly is engulfed in noxious fumes.
The butterfly appears confused.
You are engulfed in noxious fumes.
You choke on the stench!
You are more confused.
The butterfly disappears in a burst of colours!
The butterfly is engulfed in noxious fumes.
The butterfly appears confused.
Jeremiah hits you with a +3 trident of draining.
* * * LOW HITPOINT WARNING * * *
You feel drained.
Items here: ( ) = [ †.
Unknown command.
You miss the butterfly.
The butterfly disappears in a burst of colours!
Jeremiah hits you with a +3 trident of draining.
* * * LOW HITPOINT WARNING * * *
You feel drained.
Unknown command.
Unknown command.
The butterfly disappears in a burst of colours! x2
Jeremiah hits you from afar with a +3 trident of draining.
* * * LOW HITPOINT WARNING * * *
You feel drained.
You die...
Jeremiah wails, "I didn't mean to kill anyone!
I'm not a murderer!"

.########.....#######'
#....b.#.....#....'..
#..b...#.....#....#..
#..b...'.....#....#..
#......#.....#....#..
#.....b#.....#....#..
######b#.....#+####'#
#..bb###...........
#.@bFbb#...........
#bbbbbb#...........
#......#...........
#b######...).....).
#'#.......)######'#
..#........#.......
...#........#.......
..b#........#...)...
#........+(..##'#


You could see Jeremiah.

Vanquished Creatures
  2 ice beasts
  3 black bears
  2 ogres
  A phantom (D:5)
  A scorpion (D:4)
  Crazy Yiuf (D:2)
  A sleepcap (D:4)
  Terence (D:2)
  Natasha (thrice) (D:2)
  An iguana (D:6)
  5 adders
  13 gnolls
  2 ufetubi (D:5)
  4 ribbon worms
  4 dart slugs
  15 orcs
  3 endoplasms
  2 giant cockroaches (D:4)
  6 goblins
  4 hobgoblins
  12 jackals
  11 kobolds
  5 quokkas
  2 ball pythons
  4 bats
  4 rats
112 creatures vanquished.

Vanquished Creatures (collateral kills)
  Blork the orc (D:5)
  A hound (D:4)
  An endoplasm (D:2)
  A giant cockroach (D:4)
  A hobgoblin (D:2)
  A ball python (D:2)
  A rat (D:2)
7 creatures vanquished.

Grand Total: 119 creatures vanquished

Notes
Turn   | Place    | Note
-------+----------+-------------------------------------------
     0 | D:1      | pokeman the Deep Elf Hedge Wizard began the quest for the
                  | Orb.
     0 | D:1      | Reached XP level 1. HP: 10/10 MP: 7/7
   305 | D:1      | Reached XP level 2. HP: 13/15 MP: 1/9
   572 | D:1      | Reached skill level 5 in Spellcasting
   701 | D:1      | Reached XP level 3. HP: 20/20 MP: 9/11
   705 | D:1      | Learned a level 3 spell: Mephitic Cloud
   708 | D:1      | Learned a level 2 spell: Call Imp
   711 | D:1      | Learned a level 2 spell: Blink
  1216 | D:2      | Noticed Natasha
  1225 | D:2      | Killed Natasha
  1226 | D:2      | Reached skill level 1 in Fighting
  1226 | D:2      | Reached skill level 1 in Armour
  1319 | D:2      | Found a faded altar of an unknown god.
  1442 | D:2      | Reached XP level 4. HP: 25/25 MP: 7/13
  1573 | D:2      | Noticed Natasha
  1612 | D:2      | Noticed Terence
  1925 | D:2      | Found a runed translucent door.
  1926 | D:2      | Noticed Crazy Yiuf
  1940 | D:2      | Killed Crazy Yiuf
  1941 | D:2      | Reached skill level 6 in Spellcasting
  1941 | D:2      | Reached XP level 5. HP: 22/29 MP: 7/15
  2071 | D:2      | Killed Natasha
  2085 | D:2      | Killed Terence
  2340 | D:2      | Noticed Natasha
  2347 | D:2      | Killed Natasha
  2348 | D:2      | Reached skill level 1 in Evocations
  2517 | D:3      | Found a shimmering altar of Xom.
  3060 | D:3      | Noticed Biggs's ghost (weakling VSBr)
  3062 | D:3      | Found a runed translucent door.
  3482 | D:4      | Noticed a black bear
  3493 | D:4      | Killed a black bear
  3494 | D:4      | Reached skill level 7 in Spellcasting
  3494 | D:4      | Reached skill level 1 in Air Magic
  3494 | D:4      | Reached skill level 1 in Alchemy
  3494 | D:4      | Reached XP level 6. HP: 30/34 MP: 11/18
  3891 | D:4      | Found an ornate altar of the Wu Jian Council.
  3980 | D:4      | Reached XP level 7. HP: 38/38 MP: 15/20
  4150 | D:4      | Found a staircase to the Ecumenical Temple.
  4159 | Temple   | Entered the Ecumenical Temple
  4175 | D:4      | Reached skill level 8 in Spellcasting
  4337 | D:5      | Entered Level 5 of the Dungeon
  4381 | D:5      | Noticed Blork the orc
  4414 | D:5      | Killed Blork the orc
  4415 | D:5      | Reached skill level 9 in Spellcasting
  4583 | D:5      | Found an iron altar of Okawaru.
  4744 | D:5      | Reached XP level 8. HP: 44/44 MP: 19/23
  4767 | D:5      | Found Voplojiu's General Store.
  4804 | D:5      | Bought a potion of curing for 33 gold pieces
  4804 | D:5      | Bought a scroll of identify for 22 gold pieces
  4934 | D:5      | Reached skill level 5 in Conjurations
  5240 | D:6      | Reached skill level 10 in Spellcasting
  5393 | D:6      | Noticed Jeremiah
  5430 | D:6      | HP: 1/31 [Jeremiah/+3 trident of draining (6)]
  5430 | D:6      | Slain by Jeremiah

Illustrated notes

Levels and vault maps discovered:
D:1:      giann_wishing_wells, layout_rooms, minmay_3d_cube
D:2:      layout_loops_ring, dreamdust_ecumenical_altar_hidden_monk_grotto,
          minmay_cupped, uniq_crazy_yiuf_cottage, uniq_terence, uniq_natasha
D:3:      layout_basic, mainiacjoe_overflow_catwalk,
          hellmonk_ghost_happy_afterlife
D:4:      layout_cave_pools, nzn_wu_jian_council_hall, minmay_temple_entry_wispy
D:5:      layout_basic, okawaru_ov_weapons_minmay, serial_shops,
          nicolae_shop_peninsula, uniq_blork_the_orc
D:6:      layout_gridville, uniq_pikel, uniq_jeremiah
Temple:   hellmonk_temple_two_chambers

Skill      XL: |  1  2  3  4  5  6  7  8 |
---------------+-------------------------+-----
Spellcasting   | 5 6 7 9 10 | 10.1
Fighting       | 1 2 |  2.0
Armour         | 1 2 |  2.7
Conjurations   | 2 3 4 5 |  5.4
Stealth        | 3 |  3.0
Dodging        | 3 |  3.2
Evocations     | 1 |  1.0
Air Magic      | 1 |  1.1
Alchemy        | 1 |  1.1
Summonings     | |  1.1
Translocations | |  1.1

Action                     |  1- 3 |  4- 6 |  7- 9 || total
---------------------------+-------+-------+-------++-------
  Melee: Dagger            |    37 |    18 |       ||    55
         Mace              |       |     6 |       ||     6
         Quarterstaff      |       |    17 |       ||    17
         Short sword       |       |    50 |    75 ||   125
   Cast: Magic Dart        |    80 |    94 |    46 ||   220
         Call Imp          |     1 |     5 |     3 ||     9
         Mephitic Cloud    |       |    14 |    14 ||    28
         Blink             |       |     2 |       ||     2
   Stab: Confused          |       |     9 |     5 ||    14
 Armour: Robe              |    29 |    51 |    63 ||   143
  Dodge: Dodged            |    37 |    84 |    73 ||   194

Table legend: (Time is in decaauts)
 A = Elapsed time spent in this place.
 B = Non-inter-level travel time spent in this place.
 C = Inter-level travel time spent in this place.
 D = Time resting spent in this place.
 E = Time spent auto-exploring this place.
 F = Levels seen in this place.
 G = Mean time per level.
                   A        B        C        D        E       F      G
               +--------+--------+--------+--------+--------+-----+--------+
         Total |   5416 |   5280 |    136 |     83 |   4205 |   7 |  773.7 |
       Dungeon |   5414 |   5278 |    136 |     83 |   4205 |   6 |  902.3 |
        Temple |      1 |      1 |      0 |      0 |      0 |   1 |    1.0 |
               +--------+--------+--------+--------+--------+-----+--------+

Top non-repeatable levels by time:
     D:2: 1519 daAuts
     D:1: 983 daAuts
     D:3: 965 daAuts
     D:4: 853 daAuts
     D:5: 782 daAuts
     D:6: 309 daAuts
  Temple: 1 daAuts
